 Dungeon Crawl Stone Soup version 0.18.1-5-g4a78601 (webtiles) character file.

100 dysrexia the Ruffian (level 4, -2/38 HPs)
             Began as a Naga Transmuter on May 11, 2016.
             Killed from afar by an orc wizard (8 damage)
             ... with a magic dart
             ... on level 3 of the Dungeon.
             The game lasted 00:11:35 (2832 turns).

dysrexia the Ruffian (Naga Transmuter)              Turns: 2832, Time: 00:11:36

Health: -2/38      AC:  3    Str: 13    XL:     4   Next: 73%
Magic:  7/7        EV: 10    Int: 13    God:
Gold:   94         SH:  0    Dex: 12    Spells: 3 memorised, 1 level left

rFire  . . .     SeeInvis +       - Unarmed
rCold  . . .     Gourm    .     b - +1 robe
rNeg   . . .     Faith    .     (no shield)
rPois  +         Spirit   .     (no helmet)
rElec  .         Dismiss  .     (no cloak)
rCorr  .         Reflect  .     (no gloves)
SustAt .         Harm     .     (no barding)
MR     .....                    (no amulet)
Stlth  +.........               (no ring)
                                (no ring)

@: appendage (expiring), slowed, very slow, not resistant to hostile
enchantments, very unstealthy
A: horns 2, stinger 1, see invisible, blink, deformed body, poison resistance,
slowness 2, slow metabolism 1, spit poison 2, AC +1
a: Spit Poison, End Transformation, Blink


You were on level 3 of the Dungeon.
You were not hungry.
You had grown temporary horns.
You visited 1 branch of the dungeon, and saw 3 of its levels.

You collected 94 gold pieces.

Inventory:

Missiles
 a - 56 arrows
Armour
 b - a +1 robe (worn)
 k - a +0 chain mail
Jewellery
 m - an uncursed ring of stealth {unknown}
 o - an uncursed ring of fire {unknown}
 q - an uncursed amulet of rage {unknown}
Scrolls
 e - a scroll of enchant armour
 l - 2 scrolls of remove curse
 r - a scroll of magic mapping
Potions
 g - a potion of heal wounds {unknown}
 i - a potion of agility {unknown}
 n - 2 potions of mutation
 t - 2 potions of haste {unknown}
 u - a potion of curing {unknown}
Books
 c - a book of Changes

   Spells                             Type                      Level
   a - Beastly Appendage              Transmutation                1
   b - Sticks to Snakes               Transmutation                2
   c - Spider Form                    Transmutation/Poison         3
   d - Ice Form                       Ice/Transmutation            4
   e - Blade Hands                    Transmutation                5
Comestibles
 d - 4 bread rations
 f - 5 fruits
 h - a meat ration
 j - a chunk of flesh


   Skills:
 - Level 1.0 Fighting
 - Level 1.5 Dodging
 * Level 4.5 Unarmed Combat
 - Level 2.0 Spellcasting
 + Level 3.3 Transmutations


You had one spell level left.
You knew the following spells:

 Your Spells              Type           Power        Failure   Level  Hunger
a - Beastly Appendage     Trmt           ##....       10%         1    ##.....
b - Spider Form           Trmt/Pois      #.........   38%         3    ####...
c - Sticks to Snakes      Trmt           ##......     12%         2    ###....


Dungeon Overview and Level Annotations

Branches:
Dungeon (3/15)

Altars:
Ashenzari
Pakellas


Innate Abilities, Weirdness & Mutations

You cannot wear boots.
Your serpentine skin is tough (AC +1).
You have supernaturally acute eyesight.
Armour fits poorly on your strangely shaped body.
Your system is resistant to poisons.
You cover ground very slowly.
You have a slow metabolism.
You can spit poison.
You have a pair of horns on your head.
Your tail ends in a poisonous barb.
You can translocate small distances at will.


Message History

The orc wizard is moderately wounded.
The orc wizard hits you but does no damage.
You barely miss the orc wizard.
The orc wizard is moderately wounded.
The orc wizard barely misses you.
Drink which item? (? for menu, Esc to quit)
It was a potion of mutation.
You feel extremely strange.
You feel jittery.
A poisonous barb forms on the end of your tail.
The orc wizard gestures at you while chanting.
You feel yourself slow down.
You hit the orc wizard.
The orc wizard is heavily wounded.
The orc wizard hits you but does no damage.
You closely miss the orc wizard.
The orc wizard is heavily wounded.
The orc wizard hits you but does no damage.
The orc wizard casts a spell at you. The magic dart hits you!
You die...

........#....#######.##
........#..............
........#...$......#..#
.......................
.........#.........#
######.#.#.........#
###.#....o....#.#.
#########b######)#o##...
#......@ow.....#o#.<#...
#....####.####.#)####...
#....# #.# #....#.#.
#....# #.# ####o# #.
#....# #.# # . #....#
#.. ## #....# ### #....#
######....#


You could see a worm, an orc wizard and a bat.

Vanquished Creatures
  2 adders (D:2)
  An ooze (D:2)
  3 worms
  3 dart slugs
  2 giant geckos
  3 orcs
  4 giant cockroaches
  6 hobgoblins
  4 jackals (D:2)
  A quokka (D:3)
  5 bats
  4 giant newts
  7 goblins
  7 kobolds
  4 rats (D:1)
56 creatures vanquished.

Notes
Turn   | Place    | Note
--------------------------------------------------------------
     0 | D:1      | dysrexia the Naga Transmuter began the quest for the Orb.
     0 | D:1      | Reached XP level 1. HP: 18/18 MP: 3/3
    91 | D:1      | Reached XP level 2. HP: 4/25 MP: 5/5
   857 | D:1      | Reached XP level 3. HP: 20/31 MP: 6/6
  1691 | D:2      | Reached skill level 4 in Unarmed Combat
  1872 | D:2      | Learned a level 3 spell: Spider Form
  1932 | D:2      | Reached XP level 4. HP: 32/38 MP: 5/7
  2161 | D:2      | Found an oddly glowing altar of Pakellas.
  2161 | D:2      | Noticed a brown ugly thing
  2273 | D:2      | Learned a level 2 spell: Sticks to Snakes
  2649 | D:3      | Found a shattered altar of Ashenzari.
  2830 | D:3      | Gained mutation: You can translocate small distances at will. [potion of mutation]
  2830 | D:3      | Gained mutation: Your tail ends in a poisonous barb. [potion of mutation]
  2832 | D:3      | Killed from afar by an orc wizard

Skill      XL: |  1  2  3 |
---------------+----------+-----
Transmutations | 3 |  3.3
Unarmed Combat | 4 |  4.5
Fighting       | |  1.0
Dodging        | |  1.5
Spellcasting   | |  2.0

Action                   |  1- 3 |  4- 6 || total
-------------------------+-------+-------++-------
Melee: Unarmed           |   150 |    73 ||   223
       Headbutt          |     4 |     7 ||    11
       Punch             |       |     1 ||     1
 Cast: Beastly Appendage |     6 |     4 ||    10
  Use: Scroll            |       |     4 ||     4
       Potion            |       |     1 ||     1
 Stab: Distracted        |     1 |       ||     1
       Sleeping          |       |     2 ||     2
  Eat: Chunk             |     1 |     4 ||     5
Armor: Robe              |    26 |     7 ||    33
Dodge: Dodged            |    87 |    23 ||   110
